 Dungeon Crawl Stone Soup version 0.30-a0-509-gd016549fea (webtiles) character file.

Game seed: 13619587081629932712

823 GenialerGandalf the Chopper (level 7, -1/61 HPs)
             Began as a Hill Orc Fighter on Dec 22, 2022.
             Was an Initiate of Beogh.
             Slain by an orc warrior
             ... wielding a +0 dire flail
              (6 damage)
             ... on level 4 of the Dungeon.
             The game lasted 00:08:27 (3924 turns).

GenialerGandalf the Chopper (Hill Orc Fighter)      Turns: 3924, Time: 00:08:27

Health: -1/61      AC:  8    Str: 21    XL:     7   Next: 96%
Magic:  8/8        EV:  9    Int:  8    God:    Beogh [......]
Gold:   225        SH:  0    Dex: 10    Spells: 6/6 levels left

rFire   . . .      SeeInvis .    a - +0 war axe
rCold   . . .      Faith    .    c - +0 buckler
rNeg    . . .      Spirit   .    b - +0 scale mail
rPois   .          Reflect  .    o - +0 helmet
rElec   .          Harm     .    (no cloak)
rCorr   .          Rampage  .    (no gloves)
Will    .....                    (no boots)
Stlth   ..........               (no amulet)
HPRegen 0.30/turn                (no ring)
MPRegen 0.11/turn                (no ring)

@: confused
A: no striking features
a: Renounce Religion


You were on level 4 of the Dungeon.
You worshipped Beogh.
Beogh was noncommittal.
You visited 1 branch of the dungeon, and saw 4 of its levels.

You collected 225 gold pieces.

Inventory:

Hand Weapons
 a - a +0 war axe (weapon)
Armour
 b - a +0 scale mail (worn)
 c - a +0 buckler (worn)
 o - a +0 helmet (worn)
Wands
 n - a wand of roots (23)
 p - a wand of flame (11)
Scrolls
 g - a scroll of acquirement {unknown}
 h - 2 scrolls of immolation
 i - a scroll of fog
 j - 2 scrolls of poison
 l - a scroll of enchant weapon
 q - a scroll of teleportation {unknown}
 r - a scroll of vulnerability {unknown}
 u - 4 scrolls of identify
 v - a scroll of fear {unknown}
Potions
 d - a potion of might
 e - 4 potions of heal wounds
 f - 3 potions of curing
 k - 2 potions of cancellation {unknown}
 m - a potion of brilliance {unknown}
 s - a potion of resistance {unknown}
 t - a potion of magic {unknown}


   Skills:
 * Level 5.4 Fighting
 * Level 7.6 Axes
 * Level 5.6 Armour
 - Level 0.9 Dodging
 * Level 4.6 Shields
 * Level 2.0 Invocations


You had 6 spell levels left.
You didn't know any spells.
Your spell library contained the following spells:

 Spells                   Type           Power      Damage    Failure   Level
 Ensorcelled Hibernation  Hex/Ice        0%         N/A       91%         2
 Spider Form              Tmut/Pois      0%         N/A       99%         3
 Stone Arrow              Conj/Erth      0%         3d7       99%         3
 Anguish                  Hex/Necr       0%         N/A       100%        4
 Animate Armour           Summ/Erth      0%         N/A       100%        4
 Lehudib's Crystal Spear  Conj/Erth      0%         10d2      100%        8


Dungeon Overview and Level Annotations

Branches:
Dungeon (4/15)
 Temple: D:4-7

Altars:
Cheibriados
Okawaru


Message History

You hit the orc warrior. You slash the orc priest!
You kill the orc priest!
Beogh accepts your kill.
Beogh appreciates your killing of a heretic priest.
You hit the orc warrior but do no damage.
Your Invocations skill increases to level 2!
You barely miss the orc warrior.
The orc warrior is lightly wounded.
You closely miss the orc. The orc hits you but does no damage.
The orc warrior closely misses you.
You slash the orc warrior!
The orc warrior is heavily wounded.
You hit the orc. The orc hits you with a +0 flail.
The orc warrior hits you with a +0 dire flail!
You are too injured to fight recklessly!
You are too injured to fight recklessly!
You are too injured to fight recklessly!
You are too injured to fight recklessly!
You closely miss the orc warrior.
The orc warrior is heavily wounded.
You barely miss the orc. The orc hits you with a +0 flail.
You block the orc warrior's attack.
You hit the orc warrior but do no damage.
The orc warrior is heavily wounded.
You hit the orc. The orc hits you with a +0 flail!
The orc warrior hits you with a +0 dire flail.
You block the orc warrior's attack.
You slash the orc warrior!
The orc warrior is almost dead.
You hit something.
You hear some strange, mumbled words.
You are confused.
The orc warrior hits you with a +0 dire flail!
* * * LOW HITPOINT WARNING * * *
You bump into the rock wall.
Something hits you.
* * * LOW HITPOINT WARNING * * *
The orc warrior hits you with a +0 dire flail.
You die...
Beogh appreciates the orc warrior's killing of a heretic priest.

###...#.# #
#.#.#...# ##
#...#.[.#
.###.###...#
.....#<#...#
.....#.#.#.#
.....#.#.#.#
.........#.########
................@o#
.....##..#.######)#
.....#...#.# o#
.....#.#.#.# o#
####.....#.# .#
...##..###.# .#
...........# .#
#..##.###### .#
#..#..#


You could see an orc warrior and 2 orcs.

Vanquished Creatures
  Sigmund (D:2)
  A black bear (D:4)
  A sky beast (D:4)
  A phantom (D:4)
  A necrophage (D:4)
  A scorpion (D:4)
  An orc priest (D:4)
  A hound (D:4)
  Jessica (D:3)
  Natasha (thrice) (D:2)
  An orc wizard (D:3)
  Terence (D:2)
  5 adders
  An ufetubus (D:4)
  A dart slug (D:1)
  3 bats
  5 endoplasms
  4 hobgoblins
  3 jackals
  3 quokkas
  7 ball pythons
  2 frilled lizards
  8 goblins
  3 kobolds
  7 rats
66 creatures vanquished.

Vanquished Creatures (others)
  An orc priest (D:3)
1 creature vanquished.

Grand Total: 67 creatures vanquished

Notes
Turn   | Place    | Note
-------+----------+-------------------------------------------
     0 | D:1      | GenialerGandalf the Hill Orc Fighter began the quest for
                  | the Orb.
     0 | D:1      | Reached XP level 1. HP: 19/19 MP: 1/1
    79 | D:1      | Reached XP level 2. HP: 27/27 MP: 2/2
   373 | D:1      | Reached skill level 3 in Axes
   806 | D:2      | Reached XP level 3. HP: 33/33 MP: 3/3
   911 | D:2      | Noticed Sigmund
   918 | D:2      | Killed Sigmund
   919 | D:2      | Reached skill level 5 in Axes
   919 | D:2      | Reached XP level 4. HP: 19/41 MP: 4/4
   919 | D:2      | Reached XP level 5. HP: 22/47 MP: 5/5
  1507 | D:2      | Noticed Terence
  1524 | D:2      | Killed Terence
  1525 | D:2      | Reached XP level 6. HP: 37/53 MP: 6/6
  1710 | D:2      | Noticed Natasha
  1718 | D:2      | Killed Natasha
  1855 | D:2      | Noticed Natasha
  1869 | D:2      | Killed Natasha
  1907 | D:2      | Noticed Natasha
  1914 | D:2      | Killed Natasha
  2269 | D:3      | Became a worshipper of Beogh the Brigand
  2528 | D:3      | Noticed Jessica
  2541 | D:3      | Killed Jessica
  2542 | D:3      | Reached skill level 6 in Axes
  2814 | D:3      | Found a faded altar of an unknown god.
  3024 | D:4      | Noticed a black bear
  3036 | D:4      | Killed a black bear
  3037 | D:4      | Reached skill level 5 in Fighting
  3037 | D:4      | Reached skill level 5 in Armour
  3037 | D:4      | Reached XP level 7. HP: 36/61 MP: 7/7
  3155 | D:4      | Found an iron altar of Okawaru.
  3165 | D:4      | Reached skill level 1 in Invocations
  3237 | D:4      | Found a snail-covered altar of Cheibriados.
  3476 | D:4      | Reached skill level 7 in Axes
  3882 | D:4      | Identified the +2 leather armour of Poor Excuses {rElec
                  | Str+8 Int-3 Dex-4}
  3924 | D:4      | Slain by an orc warrior

Illustrated notes

Levels and vault maps discovered:
D:1:      eino_arrival_water_cross, layout_basic, dk_noncrumbling_3
D:2:      layout_basic, uniq_sigmund, uniq_natasha, uniq_terence
D:3:      layout_loops_corners, chequers_ecumenical_altar_simple, uniq_jessica
D:4:      kb_forest_paths, layout_basic, doesnt_xom_only_xom, okawaru_gym_becter

Skill      XL: |  1  2  3  4  5  6  7 |
---------------+----------------------+-----
Axes           | 3 5 6 7 |  7.6
Fighting       | 4 5 |  5.4
Armour         | 4 5 |  5.6
Shields        | 4 |  4.6
Invocations    | 2 |  2.0
Dodging        | |  0.9

Action                   |  1- 3 |  4- 6 |  7- 9 || total
-------------------------+-------+-------+-------++-------
Melee: War axe           |    84 |   107 |    94 ||   285
Invok: Convert to Beogh  |       |     1 |       ||     1
  Use: Potion            |       |     1 |       ||     1
       Scroll            |       |     4 |       ||     4
Armor: Scale mail        |    41 |    61 |    58 ||   160
Dodge: Dodged            |    38 |    41 |    41 ||   120
Block: Buckler           |    20 |    20 |    21 ||    61

Table legend: (Time is in decaauts)
 A = Elapsed time spent in this place.
 B = Non-inter-level travel time spent in this place.
 C = Inter-level travel time spent in this place.
 D = Time resting spent in this place.
 E = Time spent auto-exploring this place.
 F = Levels seen in this place.
 G = Mean time per level.
                   A        B        C        D        E       F      G
               +--------+--------+--------+--------+--------+-----+--------+
         Total |   4001 |   3934 |     67 |    133 |   3147 |   4 | 1000.2 |
       Dungeon |   4001 |   3934 |     67 |    133 |   3147 |   4 | 1000.2 |
               +--------+--------+--------+--------+--------+-----+--------+

Top non-repeatable levels by time:
     D:2: 1265 daAuts
     D:4: 970 daAuts
     D:3: 958 daAuts
     D:1: 806 daAuts
